 Dungeon Crawl Stone Soup version 0.20.1-1-g8b1a95d (webtiles) character file.

86 HessuHobo the Covered (level 4, 0/40 HPs)
             Began as a Minotaur Fighter on Oct 26, 2017.
             Killed from afar by Sigmund (11 damage)
             ... with a puff of flame
             ... on level 2 of the Dungeon.
             The game lasted 00:02:33 (967 turns).

HessuHobo the Covered (Minotaur Fighter)             Turns: 967, Time: 00:02:34

Health: 0/40       AC:  7    Str: 22    XL:     4   Next: 26%
Magic:  3/3        EV:  7    Int:  5    God:
Gold:   58         SH: 10    Dex:  9    Spells: 3/3 levels left

rFire    . . .     SeeInvis .   a - +1 war axe
rCold    . . .     Gourm    .   c - +1 shield
rNeg     . . .     Faith    .   b - +0 scale mail
rPois    .         Spirit   .   (helmet restricted)
rElec    .         Reflect  .   (no cloak)
rCorr    .         Harm     .   (no gloves)
MR       .....                  (no boots)
Stlth    ..........             (no amulet)
Regen    0.2/turn               (no ring)
MPRegen  0.1/turn               (no ring)

@: no status effects
A: retaliatory headbutt, horns 2
a: no special abilities


You were on level 2 of the Dungeon.
You were full.

You visited 1 branch of the dungeon, and saw 2 of its levels.

You collected 58 gold pieces.

Inventory:

Hand Weapons
 a - a +1 war axe (weapon)
 d - a +4 club
Armour
 b - a +0 scale mail (worn)
 c - a +1 shield (worn)
Scrolls
 e - a scroll of teleportation
 g - a scroll of identify
Potions
 k - a potion of flight {unknown}
 m - 2 potions of agility
Comestibles
 h - 2 fruits
 n - a royal jelly


   Skills:
 + Level 4.3 Fighting
 * Level 4.3 Axes
 + Level 4.3 Armour
 + Level 0.1 Stealth
 - Level 3.6 Shields


You had 3 spell levels left.
You didn't know any spells.

Dungeon Overview and Level Annotations

Branches:
Dungeon (2/15)

Altars:

Annotations:
D:2 Sigmund


Innate Abilities, Weirdness & Mutations

You reflexively headbutt those who attack you in melee.
You have a pair of horns on your head.


Message History

You feel less confused.
You are confused.
Something hits you! The goblin barely misses you.
You barely miss the goblin. The goblin hits you.
Something hits you but does no damage.
You feel less confused.
You barely miss the goblin. The goblin hits you but does no damage.
You closely miss the goblin. Something hits you but does no damage.
You block the goblin's attack. The goblin hits you but does no damage.
You hit the goblin.
The goblin is severely wounded.
You block something's attack. The goblin closely misses you.
You barely miss the goblin. You headbutt the goblin.
You kill the goblin!
You block something's attack. Something hits you.
* * * LOW HITPOINT WARNING * * *
A puff of flame appears from out of thin air!
The puff of flame hits you!
You die...

.............)..>#
...........#####.# ...........#
#.# ######'#### #.# #..##
#.###### ##.<# #......# #..#
#.####.# #############.# #.#..#.#
#........{..@.## #.#....#
#..............#####.##.###
#....................##.#####
#..............##............
#####..........[...##............
+...................#............
###..............)#.#............
##................#.#.......#....
##................+.......#)#....


There were no monsters in sight!

Vanquished Creatures
  Jessica (D:2)
  Terence (D:2)
  A dart slug (D:1)
  2 leopard geckos (D:1)
  A giant cockroach (D:2)
  5 goblins
  5 hobgoblins
  4 bats
  3 frilled lizards
  6 kobolds
  3 rats
32 creatures vanquished.

Notes
Turn   | Place    | Note
-------+----------+-------------------------------------------
     0 | D:1      | HessuHobo the Minotaur Fighter began the quest for the Orb.
     0 | D:1      | Reached XP level 1. HP: 19/19 MP: 0/0
   156 | D:1      | Reached XP level 2. HP: 27/27 MP: 1/1
   683 | D:2      | Noticed Terence
   689 | D:2      | Killed Terence
   689 | D:2      | Reached XP level 3. HP: 30/33 MP: 2/2
   773 | D:2      | Noticed Jessica
   793 | D:2      | Killed Jessica
   793 | D:2      | Reached XP level 4. HP: 5/40 MP: 3/3
   928 | D:2      | Noticed Sigmund
   967 | D:2      | Killed from afar by Sigmund

Skill      XL: |  1  2 |
---------------+-------+-----
Axes           | 4 |  4.3
Armour         | 4 |  4.3
Fighting       | 4 |  4.3
Stealth        | |  0.1
Shields        | |  3.6

Action                   |  1- 3 |  4- 6 || total
-------------------------+-------+-------++-------
Melee: War axe           |    58 |     8 ||    66
       Headbutt          |    12 |     2 ||    14
  Use: Potion            |     1 |       ||     1
       Scroll            |       |     5 ||     5
  Eat: Bread ration      |       |     1 ||     1
Armor: Scale mail        |    16 |     6 ||    22
Dodge: Dodged            |    14 |     3 ||    17
Block: Shield            |    20 |     4 ||    24
